 Dungeon Crawl Stone Soup version 0.17-a0-2002-g92c7e20 (webtiles) character file.

37 4thArraOfDagon the Scratcher (level 3, -1/18 HPs)
             Began as a Felid Monk on Oct 8, 2015.
             Shot with an arrow by a centaur (14 damage)
             ... on level 6 of the Dungeon.
             The game lasted 00:03:16 (662 turns).

4thArraOfDagon the Scratcher (Felid Monk)            Turns: 662, Time: 00:03:17

Health: -1/18      AC:  1    Str:  7    XL:     3   Next: 21%
Magic:  4/4        EV: 15    Int: 12    God:
Gold:   84         SH:  0    Dex: 20    Spells: 0 memorised, 2 levels left
                                        Lives:  0   Deaths: 0

rFire  . . .     SeeInvis +       - Unarmed
rCold  . . .     Clarity  .     (armour unavailable)
rNeg   . . .     SustAt   .     (shield unavailable)
rPois  .         Gourm    .     (helmet unavailable)
rElec  .         Spirit   .     (cloak unavailable)
rCorr  .         Warding  .     (gloves unavailable)
rMut   .         Stasis   .     (boots unavailable)
MR     .....                    (no amulet)
Stlth  ++++......               (no ring)
                                (no ring)

@: quick, not resistant to hostile enchantments, stealthy
A: no armour, no weapons or thrown items, claws 1, fangs 3, thin skeletal
structure 1, see invisible, carnivore 3, speed 1, robust 1, shaggy fur 1, slow
metabolism 1, wild magic 1, sharp paws
a: no special abilities


You were on level 6 of the Dungeon.
You were completely stuffed.

You visited 1 branch of the dungeon, and saw 6 of its levels.

You collected 84 gold pieces.

Inventory:

Potions
 d - a potion of flight
Comestibles
 a - a meat ration
 b - a beef jerky


   Skills:
 + Level 3.3 Fighting
 + Level 4.3 Dodging
 + Level 3.4 Stealth
 * Level 4.4 Unarmed Combat


You had 2 spell levels left.
You didn't know any spells.

Dungeon Overview and Level Annotations

Branches:
Dungeon (6/15)
 Temple: D:4-7

Altars:
Ashenzari
Kikubaaqudgha

Annotations:
D:2 Ijyb, Terence
D:3 Duffy's ghost, amateur FoBe


Innate Abilities, Weirdness & Mutations

You cannot wear armour.
You are incapable of wielding weapons or throwing items.
You have sharp claws.
You have razor-sharp teeth.
You have supernaturally acute eyesight.
You are carnivorous and can eat meat at any time.
You cover ground quickly.
You are covered in fur (AC +1).
You have a slow metabolism.
Your sharp claws are effective at attacking unaware monsters.
You have a somewhat thin skeletal structure (Dex +2, Stealth).
You are robust (+10% HP).
Your spells are a little harder to cast, but a little more powerful.


Message History

There is a stone staircase leading up here.
You see here a scroll labeled FETOCA HOALAXI.
c - a scroll labeled FETOCA HOALAXI You open the door.
There is an open door here.
Found a stone staircase leading down.
Found a ring mail.
Read which item? (? for menu, Esc to quit)
As you read the scroll labeled FETOCA HOALAXI, it crumbles to dust.
You feel blessed for a moment.
It was a scroll of remove curse.
(D) Dungeon
Where to? (Enter - D:2, ? - help)
There is a stone staircase leading down here.
You climb downwards.
A centaur and a crimson imp come into view.
There is a stone staircase leading up here.
Unknown command.
The centaur wields a shortbow.
The centaur shoots an arrow.
The arrow hits you!
Ouch! That really hurt!
You die...

.# # .# ##.
.# #.# .#..#
.#.## . ...
...
#.##.....
#@.......
#c...#......
#.##.# ...##
# #.# ....
... ..# .5.
.# ... #
.....


You could see a centaur and a crimson imp (sleeping).

Vanquished Creatures
  An adder (D:4)
  4 giant geckos
  A giant cockroach (D:2)
  A hobgoblin (D:1)
  7 jackals (D:3)
  A ball python (D:3)
  2 bats (D:3)
  A giant newt (D:4)
  2 goblins
  A kobold (D:1)
  2 rats
23 creatures vanquished.

Notes
Turn   | Place    | Note
--------------------------------------------------------------
     0 | D:1      | 4thArraOfDagon the Felid Monk began the quest for the Orb.
     0 | D:1      | Reached XP level 1. HP: 10/10 MP: 2/2
   170 | D:2      | Noticed Ijyb
   170 | D:2      | Noticed Terence
   173 | D:2      | Reached XP level 2. HP: 9/14 MP: 3/3
   208 | D:3      | Noticed Duffy's ghost (amateur FoBe)
   364 | D:4      | Noticed a scorpion
   375 | D:4      | :(
   442 | D:4      | Gained mutation: Your spells are a little harder to cast, but a little more powerful. [potion of mutation]
   442 | D:4      | Gained mutation: You have a somewhat thin skeletal structure (Dex +2, Stealth). [potion of mutation]
   442 | D:4      | Gained mutation: You are robust (+10% HP). [potion of mutation]
   514 | D:3      | Reached XP level 3. HP: 7/18 MP: 4/4
   542 | D:3      | Found a shattered altar of Ashenzari.
   543 | D:3      | Found an ancient bone altar of Kikubaaqudgha.
   618 | D:5      | Entered Level 5 of the Dungeon
   661 | D:6      | Noticed a centaur
   662 | D:6      | Shot with an arrow by a centaur

Vault maps used:
D:1:      dpeg_arrival_water_temple_mockup, st_stairs_1, kennysheep_flooded_box
D:2:      overflow_temple_1_default, elyvilon_altar_4, uniq_iyjb, uniq_terence
D:3:      gammafunk_temple_overflow_statue, glass_columns_a
D:4:      first_bread, yredelemnul_altar_generic, uniq_robin
D:5:      minmay_temple_entry_statues_pillars, okawaru_ov_weapons_minmay,
          uniq_sigmund
D:6:      hangedman_cross_stitches, xom_redecorated

Action                   || total
-------------------------++-------
Melee: Unarmed           ||    54
  Use: Scroll            ||     4
       Potion            ||     1
 Stab: Sleeping          ||     5
  Eat: Chunk             ||     7
